 Dungeon Crawl Stone Soup version 0.24.1 (webtiles) character file.

Game seed: 1015530756500773863, levelgen mode: deterministic

28350 mortelune the Martial Artist (level 13, -4/92 HPs)
             Began as an Octopode Transmuter on Mar 26, 2020.
             Was a Priest of Qazlal.
             Slain by a red devil
             ... wielding a +0 trident
              (20 damage)
             ... on level 11 of the Dungeon.
             The game lasted 01:01:59 (28863 turns).

mortelune the Martial Artist (Octopode Transmuter) Turns: 28863, Time: 01:01:59

Health: -4/92      AC:  3    Str: 17    XL:     13   Next: 38%
Magic:  32/32      EV: 18    Int: 18    God:    Qazlal [***...]
Gold:   979        SH: 10    Dex: 12    Spells: 10/25 levels left

rFire    + . .     SeeInvis .     - Unarmed
rCold    . . .     Gourm    .   I - +1 buckler {reflect}
rNeg     + . .     Faith    .   G - +2 hat
rPois    .         Spirit   .   (no amulet)
rElec    +         Reflect  +   l - ring of magical power
rCorr    .         Harm     .   d - ring of wizardry
MR       .....                  L - ring of Nepywy {rElec rF+ Str+5 Stlth-}
Stlth    +.........             D - ring of positive energy
HPRegen  0.25/turn              (no ring)
MPRegen  0.23/turn              (no ring)
                                (no ring)
                                (no ring)

@: about to teleport, hasted, invisible, very quick
A: almost no armour, stealthy swim, amphibious, 8 rings, constrict 8, camouflage
1, gelatinous body 1
a: Upheaval, Elemental Force, Renounce Religion


You were on level 11 of the Dungeon.
You worshipped Qazlal.
Qazlal was most pleased with you.
You were hungry.

You visited 2 branches of the dungeon, and saw 17 of its levels.
You also visited: Ossuary.

You collected 979 gold pieces.

Inventory:

Hand Weapons
 a - a +1 hunting sling
 h - a +0 dagger
Missiles
 j - 534 stones (quivered)
 m - 149 arrows
 r - a throwing net
 s - 60 poisoned darts
 E - 8 curare-tipped darts
Armour
 G - a +2 hat (worn)
 I - a +1 buckler of reflection (worn)
Jewellery
 d - a ring of wizardry (right tentacle)
 l - a ring of magical power (left tentacle)
 D - a ring of positive energy (on tentacle)
 F - an uncursed ring of see invisible
 L - the ring of Nepywy (on tentacle) {rElec rF+ Str+5 Stlth-}
   (You acquired it on level 1 of the Lair of Beasts)

   [ring of strength]

   It affects your strength (+5).
   It protects you from fire.
   It insulates you from electricity.
   It makes you less stealthy.
Wands
 i - a wand of flame (15)
 o - a wand of random effects (55)
 w - a wand of polymorph (12)
 K - a wand of acid (5)
Scrolls
 b - a scroll of teleportation
 e - 3 scrolls of identify
 g - 5 scrolls of fog
 k - 4 scrolls of enchant weapon
 n - 5 scrolls of enchant armour
 p - a scroll of silence
 x - 10 scrolls of remove curse
 y - a scroll of vulnerability
 C - a scroll of magic mapping
 M - a scroll of amnesia
 O - a scroll of torment
Potions
 q - 7 potions of curing
 t - a potion of invisibility
 u - 3 potions of lignification
 v - 3 potions of mutation
 z - 2 potions of ambrosia
 A - a potion of haste
 B - 2 potions of might
 H - a potion of agility
 N - 2 potions of magic {unknown}
Miscellaneous
 P - a lightning rod (4/4)
Comestibles
 c - 12 rations


   Skills:
 + Level 10.0 Fighting
 + Level 9.1 Dodging
 - Level 4.1 Shields
 - Level 11.0 Unarmed Combat
 + Level 6.9 Spellcasting
 - Level 7.0 Transmutations
 * Level 6.7 Ice Magic
 + Level 8.4 Invocations


You had 10 spell levels left.
You knew the following spells:

 Your Spells              Type           Power        Failure   Level  Hunger
a - Beastly Appendage     Tmut           ####..       1%          1    None
b - Sticks to Snakes      Tmut           ####....     1%          2    None
c - Spider Form           Tmut/Pois      ###.......   3%          3    ##.....
d - Ice Form              Ice/Tmut       ####....     2%          4    ####...
e - Blade Hands           Tmut           ####......   7%          5    #####..

Your spell library contained the following spells:

 Spells                   Type           Power        Failure   Level  Hunger
 Ensorcelled Hibernation  Hex/Ice        ###...       1%          2    None
 Passwall                 Tmut/Erth      ###.....     1%          2    None
 Corona                   Hex            #......      4%          1    None
 Sandblast                Erth           #.....       4%          1    None
 Poisonous Vapours        Pois/Air       #.....       7%          2    None
 Petrify                  Tmut/Erth      ###.....     11%         4    ####...
 Confuse                  Hex            #.......     13%         3    ##.....
 Conjure Flame            Conj/Fire      #.......     13%         3    ##.....
 Dazzling Spray           Conj/Hex       #.....       13%         3    ##.....
 Mephitic Cloud           Conj/Pois/Air  #.......     13%         3    ##.....
 Stone Arrow              Conj/Erth      #.....       13%         3    ##.....
 Tukima's Dance           Hex            #.......     13%         3    ##.....
 Lee's Rapid Deconstruct  Erth           #.........   73%         5    #####..
 Freezing Cloud           Conj/Ice/Air   ##........   92%         6    #######
 Ring of Flames           Chrm/Fire      #.........   100%        7    #######


Dungeon Overview and Level Annotations

Branches:
Dungeon (11/15)            Temple (0/1) D:5            Lair (6/6) D:9
 Shoals (0/4) Lair:4       Spider (0/4) Lair:2        Slime (0/5) Lair:5
Ossuary (visited)
    Orc: D:9-12

Altars:
Ashenzari
Fedhas
Gozag
Kikubaaqudgha
Okawaru
Qazlal
Ru
Trog
Uskayaw
Zin
The Shining One
Jiyva

Shops:
D:4 *

Annotations:
Lair:2 exclusion: orb spider
Lair:5 1 runed translucent door


Innate Abilities, Weirdness & Mutations

You cannot wear most types of armour.
You are very stealthy in the water. (Stealth+)
You are amphibious.
You can wear up to eight rings at the same time.
You can use your tentacles to constrict eight enemies at once.
Your skin changes colour to match your surroundings (Stealth+).
Your rubbery body absorbs attacks. (AC +1, EV +1)


Message History

The seven-headed hydra bites you. x2
* * * LOW HITPOINT WARNING * * *
You block the seven-headed hydra's attack.
The seven-headed hydra bites you!
* * * LOW HITPOINT WARNING * * *
The seven-headed hydra misses you. The seven-headed hydra bites you.
* * * LOW HITPOINT WARNING * * *
Your surroundings suddenly seem different.
A red devil comes into view. It is wielding a +0 trident.
The manticore flicks its tail.
The volley of spikes misses you.
Found a droning book.
Found 15 gold pieces.
As you read the scroll of teleportation, it crumbles to dust.
You feel strangely unstable.
A jelly comes into view.
You feel yourself speed up.
You fade into invisibility!
The red devil hits you from afar with a +0 trident!!
You die...

##.####....## ..
#....# # #....#
#....# .. #....#
...
...#########....
.............#
#...☼......#
#...☼@.....#
#...°......#
#.....4H...#
#.......:..#
#............
#..........J..
#.............
#...........$


You could see a manticore, a red devil and a jelly.

Vanquished Creatures
  3 hydras
  2 death yaks (Lair:5)
  2 black mambas
  5 spiny frogs
  2 rime drakes
  2 centaur skeletons
  3 komodo dragons
  Grinder (D:3)
  A snapping turtle (Lair:4)
  4 hippogriffs
  A slime creature (D:7)
  A meliai zombie (D:10)
  27 blink frogs
  3 wyverns
  24 yaks
  6 basilisks
  2 hungry ghosts (D:10)
  Menkaure (Ossuary)
  13 water moccasins
  2 orc warriors
  11 porcupines
  A sky beast (D:8)
  3 black bears
  2 necrophages
  A hornet zombie (D:10)
  2 phantoms
  3 ogres
  5 wolves (Lair:4)
  4 centaurs (Lair:1)
  9 crocodiles
  3 big kobolds (D:9)
  11 bullfrogs
  A water moccasin zombie (D:9)
  6 scorpions
  8 killer bees (D:8)
  17 wights
  2 howler monkeys
  4 crimson imps
  2 hounds
  A quasit (D:8)
  4 centaur zombies
  3 jellies
  An orc priest (D:9)
  Jessica (D:3)
  An iguana (D:5)
  12 orc wizards
  7 worker ants
  3 ogre zombies (Ossuary)
  A big kobold zombie (Ossuary)
  A hound skeleton (D:6)
  7 mummies
  A worker ant zombie (D:7)
  5 gnolls
  11 adders
  A shadow imp (D:5)
  An ooze (D:2)
  3 adder zombies
  3 worms
  5 dart slugs
  10 leopard geckos
  35 orcs
  6 giant cockroaches
  9 goblins
  10 hobgoblins
  21 jackals
  22 kobolds
  6 quokkas
  3 ball pythons
  8 bats
  8 frilled lizards
  5 goblin zombies (Ossuary)
  5 hobgoblin zombies (Ossuary)
  4 kobold zombies (Ossuary)
  A leopard gecko skeleton (D:4)
  An orc zombie (Ossuary)
  4 quokka zombies (Ossuary)
  8 rats
  3 rat zombies (Ossuary)
441 creatures vanquished.

Vanquished Creatures (collateral kills)
  A hydra (Lair:5)
  A komodo dragon (Lair:4)
  5 blink frogs
  A wolf (Lair:4)
  2 adders (D:2)
  A gnoll (D:2)
  2 goblins (D:2)
  A hobgoblin (D:2)
  A kobold (D:2)
15 creatures vanquished.

Vanquished Creatures (others)
  11 fungi
  A plant (D:2)
12 creatures vanquished.

Grand Total: 468 creatures vanquished

Notes
Turn   | Place    | Note
-------+----------+-------------------------------------------
     0 | D:1      | mortelune the Octopode Transmuter began the quest for the
                  | Orb.
     0 | D:1      | Reached XP level 1. HP: 13/13 MP: 3/3
   719 | D:1      | Reached XP level 2. HP: 17/18 MP: 5/5
  1561 | D:2      | Reached XP level 3. HP: 23/23 MP: 4/6
  1565 | D:2      | Learned a level 2 spell: Sticks to Snakes
  1569 | D:2      | Learned a level 3 spell: Spider Form
  1577 | D:2      | Found a stormy altar of Qazlal.
  1587 | D:2      | Found a blossoming altar of Fedhas.
  2088 | D:2      | Reached skill level 4 in Unarmed Combat
  2281 | D:2      | Reached XP level 4. HP: 19/29 MP: 7/7
  3105 | D:2      | Found a sacrificial altar of Ru.
  3120 | D:2      | Reached XP level 5. HP: 26/35 MP: 8/8
  3274 | D:2      | Became a worshipper of Qazlal Stormbringer
  3320 | D:3      | Noticed Jessica
  3330 | D:3      | Killed Jessica
  3355 | D:3      | Found a bloodstained altar of Trog.
  3385 | D:3      | Reached skill level 5 in Unarmed Combat
  3385 | D:3      | Reached XP level 6. HP: 29/41 MP: 9/9
  3589 | D:3      | Noticed Grinder
  3611 | D:3      | Paralysed by Grinder for 4 turns
  3629 | D:3      | Killed Grinder
  3629 | D:3      | Reached XP level 7. HP: 46/46 MP: 10/10
  4185 | D:3      | Learned a level 4 spell: Ice Form
  4267 | D:3      | Reached * piety under Qazlal
  4667 | D:3      | Reached skill level 6 in Unarmed Combat
  6059 | D:4      | Found Zin's Purification Station.
  6059 | D:4      | Found a glowing silver altar of Zin.
  6067 | D:4      | Reached skill level 1 in Ice Magic
  6971 | D:4      | Found an iron altar of Okawaru.
  7018 | D:5      | Entered Level 5 of the Dungeon
  7362 | D:5      | Reached XP level 8. HP: 46/54 MP: 11/11
  7366 | D:5      | Reached ** piety under Qazlal
  7706 | D:5      | Found a staircase to the Ecumenical Temple.
  9201 | D:6      | Reached skill level 7 in Unarmed Combat
  9681 | D:6      | Reached skill level 5 in Transmutations
 10207 | D:7      | Reached XP level 9. HP: 59/59 MP: 13/13
 10271 | D:7      | Reached skill level 5 in Fighting
 10640 | D:7      | Reached skill level 8 in Unarmed Combat
 11514 | D:8      | Found a glowing golden altar of the Shining One.
 11514 | D:8      | Found an opulent altar of Gozag.
 11723 | D:8      | Reached *** piety under Qazlal
 11735 | D:8      | Found a sand-covered staircase.
 11746 | Ossuary  | Entered an ossuary
 11931 | Ossuary  | Reached skill level 9 in Unarmed Combat
 12404 | Ossuary  | Noticed Menkaure
 12428 | Ossuary  | Killed Menkaure
 12428 | Ossuary  | Reached XP level 10. HP: 42/66 MP: 14/14
 12489 | Ossuary  | Reached **** piety under Qazlal
 12806 | Ossuary  | Identified a scroll of acquirement
 12853 | D:8      | Noticed a two-headed ogre
 12856 | D:8      | Found a hide-covered altar of Uskayaw.
 12860 | D:8      | Noticed a two-headed ogre
 13212 | D:8      | a two-headed ogre changed into a slime creature
 13222 | D:7      | Reached skill level 1 in Invocations
 14035 | D:9      | Reached skill level 5 in Dodging
 14083 | D:9      | Found a staircase to the Lair.
 14468 | D:9      | Reached skill level 10 in Unarmed Combat
 15103 | D:9      | Found a shattered altar of Ashenzari.
 15504 | D:10     | Entered Level 10 of the Dungeon
 16275 | D:10     | Reached XP level 11. HP: 58/75 MP: 15/15
 17025 | D:11     | Noticed a manticore
 17126 | D:10     | Reached skill level 1 in Shields
 17425 | Lair:1   | Entered Level 1 of the Lair of Beasts
 18921 | D:9      | Learned a level 5 spell: Blade Hands
 19327 | Lair:1   | Got a glittering jade ring
 19328 | Lair:1   | Identified the ring of Nepywy {rElec rF+ Str+5 Stlth-} (You
                  | acquired it on level 1 of the Lair of Beasts)
 19379 | Lair:1   | Found an ancient bone altar of Kikubaaqudgha.
 19717 | Lair:2   | Found a hole to the Spider Nest.
 19717 | Lair:2   | Noticed an orb spider
 19854 | Lair:2   | Reached skill level 5 in Invocations
 20137 | Lair:2   | Reached skill level 11 in Unarmed Combat
 21242 | Lair:2   | Reached XP level 12. HP: 83/83 MP: 18/18
 21904 | Lair:3   | Reached skill level 5 in Spellcasting
 21936 | Lair:3   | Noticed a four-headed hydra
 23135 | Lair:3   | Killed a four-headed hydra
 25012 | Lair:4   | Reached skill level 5 in Ice Magic
 25625 | Lair:4   | Reached XP level 13. HP: 82/91 MP: 22/22
 25646 | Lair:4   | Found a staircase to the Shoals.
 26245 | Lair:5   | Found a runed translucent door.
 27179 | Lair:5   | Found a viscous altar of Jiyva.
 27179 | Lair:5   | Found a staircase to the Slime Pits.
 27179 | Lair:5   | Noticed an azure jelly
 27179 | Lair:5   | Noticed an azure jelly
 27633 | Lair:6   | Entered Level 6 of the Lair of Beasts
 28229 | Lair:5   | Reached skill level 10 in Fighting
 28863 | D:11     | Slain by a red devil

Levels and vault maps discovered:
D:1:      dpeg_arrival_houses_and_road, layout_basic
D:2:      kb_forest_paths, layout_basic, grunt_temple_overflow_forces_of_nature,
          nicolae_ru_great_annihilating_truth
D:3:      layout_basic, first_ration, grunt_ministairs_12, st_stairs_14,
          hangedman_abyss_or_decor_stabs, trog_book, uniq_grinder, uniq_jessica
D:4:      layout_loops_ring, zin_purify, minmay_misc_feat_chi,
          okawaru_altar_gauntlet_db
D:5:      layout_loops_cross, minmay_temple_entry_mini_moons,
          kennysheep_generic_room_3
D:6:      layout_basic
D:7:      layout_loops_cross, kennysheep_path_1
D:8:      layout_loops_ring, chequers_temple_overflow_statue_of_worship,
          basic_altar, gup_ossuary_entry_pyramid
D:9:      layout_gridville, cheibrodos_ashenzari_chains,
          due_lair_maze_entry_diamond
D:10:     layout_basic
D:11:     layout_basic, minmay_orc_entry_guard_dogs, lemuel_hellish_altar
Lair:1:   layout_chaotic_city, st_stairs_4, lemuel_centaur_altar,
          grunt_megastairs_4, lemuel_fruit_tree
Lair:2:   layout_cave_pods, nicolae_spider_entry_orb_guardian,
          serial_bayou_shore_b, infiniplex_staircase_pool
Lair:3:   layout_hall_layers
Lair:4:   layout_layer_cave, minmay_shoals_entry_hut
Lair:5:   layout_hall_layers, slime_altar_2, grunt_megastairs_1
Lair:6:   wormcave, layout_cave_pods, guppyfry_lair_end_dragon,
          portal_ice_cave_entry_imps

Skill      XL: |  1  2  3  4  5  6  7  8  9 10 11 12 13 |
---------------+----------------------------------------+-----
Unarmed Combat | 4 5 6 7 9 10 11 | 11.0
Fighting       | 2 3 4 6 7 8 9 10 | 10.0
Transmutations | 3 4 5 6 7 |  7.0
Ice Magic      | 2 4 5 6 |  6.7
Spellcasting   | 3 4 6 |  6.9
Dodging        | 4 5 7 8 9 |  9.1
Invocations    | 3 5 7 8 |  8.4
Shields        | 4 |  4.1

Action                   |  1- 3 |  4- 6 |  7- 9 | 10-12 | 13-15 || total
-------------------------+-------+-------+-------+-------+-------++-------
Melee: Unarmed           |    58 |    84 |   442 |   565 |    69 ||  1218
       Constrict         |    17 |     4 |    31 |    17 |     1 ||    70
       Tentacles         |     9 |     2 |    24 |    16 |     4 ||    55
       Kick              |     1 |     3 |     4 |     3 |       ||    11
       Punch             |       |       |     5 |     7 |     2 ||    14
 Fire: Hunting sling     |       |       |     8 |       |       ||     8
Throw: Stone             |       |       |     3 |       |       ||     3
 Cast: Beastly Appendage |     9 |     4 |     8 |     3 |       ||    24
       Sticks to Snakes  |     4 |     8 |     5 |    19 |    20 ||    56
       Spider Form       |       |    11 |    27 |       |       ||    38
       Ice Form          |       |       |    16 |    56 |     7 ||    79
       Blade Hands       |       |       |       |     8 |     2 ||    10
Invok: Upheaval          |       |       |     3 |    13 |       ||    16
       Elemental Force   |       |       |       |     1 |     2 ||     3
Evoke: Wand              |       |       |     3 |     5 |     7 ||    15
  Use: Potion            |     2 |     3 |       |     7 |     3 ||    15
       Scroll            |       |       |    13 |    14 |     8 ||    35
 Stab: Sleeping          |    11 |     1 |       |       |       ||    12
       Paralysed         |       |     1 |       |       |       ||     1
  Eat: Chunk             |     5 |     6 |    17 |    38 |     3 ||    69
       Ration            |       |       |     5 |     6 |     2 ||    13
Armor: Skin              |     3 |    11 |    54 |    83 |     4 ||   155
Dodge: Dodged            |    30 |    72 |   278 |   301 |    64 ||   745
       Deflected         |       |       |       |     9 |     3 ||    12
Block: Other             |       |       |    32 |   103 |     6 ||   141
       Buckler           |       |       |       |     5 |    14 ||    19
